 Dungeon Crawl Stone Soup version 0.32-a0-22-g6ae6769602 (webtiles) character file.

Game seed: 505451747825322237

5368 IdlyInterested the Blocker (level 10, 0/77 HPs)
             Began as a Demonspawn Fighter on Jan 17, 2024.
             Slain by a yak (10 damage)
             ... on level 9 of the Dungeon on Jan 18, 2024.
             The game lasted 00:28:34 (8725 turns).

IdlyInterested the Blocker (Demonspawn Fighter)     Turns: 8725, Time: 00:28:34

Health: 0/77       AC: 12    Str: 16    XL:     10   Next: 39%
Magic:  10/10      EV: 10    Int:  8    God:
Gold:   598        SH: 17    Dex: 18    Spells: 9/9 levels left

rFire   . . .        s - +5 rapier (freeze)
rCold   . . .        c - +1 buckler
rNeg    . . .        h - +0 plate armour
rPois   .            (helmet restricted)
rElec   .            f - +0 cloak
rCorr   .            (no gloves)
SInv    .            (no boots)
Will    .....        j - amulet of reflection Stlth
                     B - +5 ring of evasion
HPRegen 1.32/turn    (no ring)
MPRegen 0.12/turn

%: reflection
@: no status effects
A: hooves 1, powered by death 1, condensation shield, horns 1, noise suppression
a: no special abilities


You were on level 9 of the Dungeon.
You visited 2 branches of the dungeon, and saw 10 of its levels.

You collected 598 gold pieces.

Inventory:

Hand Weapons
 a - a +0 rapier
 d - a +4 dagger
 s - a +5 rapier of freezing (weapon)
 u - a +1 short sword of electrocution
 v - the +1 war axe of Nulu Wuo {protect, *Slow Fly Int+5}
   (You found it on level 8 of the Dungeon)

   Int+5:     It affects your intelligence (+5).
   Fly:       It grants you flight.
   *Slow:     It may slow you when you take damage.
 D - a +1 dagger of draining
 G - a +2 rapier of venom
Missiles
 e - 49 stones (quivered)
 g - 43 poisoned darts
 A - 7 boomerangs
Armour
 c - a +1 buckler (worn)
 f - a +0 cloak (worn)
 h - a +0 plate armour (worn)
Jewellery
 j - an amulet of reflection (around neck)
 x - a ring of ice
 B - a +5 ring of evasion (left hand)
Wands
 b - a wand of polymorph (10)
 i - a wand of flame (34)
 F - a wand of light (7)
Scrolls
 k - 4 scrolls of teleportation
 l - 4 scrolls of enchant armour
 m - a scroll of torment
 o - a scroll of amnesia
 p - a scroll of vulnerability
 t - a scroll of poison
 y - a scroll of enchant weapon
 E - 3 scrolls of identify
Potions
 n - 2 potions of cancellation
 q - a potion of haste {unknown}
 r - a potion of mutation
 w - a potion of lignification
 z - a potion of brilliance {unknown}
 C - a potion of enlightenment {unknown}


   Skills:
 + Level 6.4 Fighting
 - Level 4.0 Short Blades
 - Level 2.0 Throwing
 - Level 3.0 Armour
 - Level 3.0 Dodging
 - Level 2.0 Stealth
 * Level 11.9 Shields
 - Level 2.0 Evocations


You had 9 spell levels left.
You didn't know any spells.
Your spell library contained the following spells:

 Spells                   Type           Power      Damage    Failure   Level
 Apportation              Tloc           0%         N/A       100%        1
 Necrotise                Necr           0%         1d4       100%        1
 Sting                    Conj/Alch      0%         1d3       100%        1
 Summon Small Mammal      Summ           0%         N/A       100%        1
 Static Discharge         Conj/Air       0%         3-3/arc   100%        2
 Ozocubu's Armour         Ice            0%         N/A       100%        3
 Summon Ice Beast         Ice/Summ       0%         N/A       100%        3
 Airstrike                Air            0%         2d(0-16)  100%        4
 Animate Dead             Necr           0%         N/A       100%        4
 Cause Fear               Hex            0%         N/A       100%        4
 Summon Lightning Spire   Summ/Air       0%         N/A       100%        4
 Vhi's Electric Charge    Tloc/Air       0%         N/A       100%        4
 Arcjolt                  Conj/Air       0%         1d10      100%        5
 Borgnjor's Vile Clutch   Necr/Erth      0%         N/A       100%        5
 Fireball                 Conj/Fire      0%         3d3       100%        5
 Metabolic Englaciation   Hex/Ice        0%         N/A       100%        5
 Summon Mana Viper        Hex/Summ       0%         N/A       100%        5
 Death Channel            Necr           0%         N/A       100%        6
 Sculpt Simulacrum        Ice/Alch       0%         N/A       100%        6
 Monstrous Menagerie      Summ           0%         N/A       100%        7
 Maxwell's Capacitive Co  Air            0%         ∞         100%        8
 Dragon's Call            Summ           0%         N/A       100%        9


Dungeon Overview and Level Annotations

Branches:
Dungeon (9/15)             Temple (1/1) D:7            Lair (0/5) D:8
    Orc: D:9-12

Altars:
Ashenzari
Cheibriados
Dithmenos
Fedhas
Gozag
Hepliaklqana
Kikubaaqudgha
Makhleb
Nemelex Xobeh
Okawaru
Qazlal
Ru
Trog
Uskayaw
Vehumet
Wu Jian
Xom
Yredelemnul
Lugonu


Innate Abilities, Weirdness & Mutations

You have large cloven feet.
You regenerate a little health from kills.
A meltable shield of frost defends you. (SH +4)
You have a pair of small horns on your head.
You passively dampen the noise of your surroundings.


Message History

You barely miss the orc priest.
The orc priest is severely wounded.
The killer bee misses you. The yak gores you but does no damage.
The killer bee barely misses you. You block the orc priest's attack.
You block the orc's attack.
You puncture the orc priest! You freeze the orc priest.
You kill the orc priest!
The killer bee barely misses you. The yak gores you but does no damage.
The killer bee stings you but does no damage.
You block the orc's attack.
Unknown command.
You hit the orc but do no damage. Your headbutt misses the orc.
The killer bee barely misses you. The yak closely misses you.
You block the killer bee's attack. The orc misses you.
The orc priest invokes the aid of Beogh against you.
Beogh smites you!
The orc hits you from afar with a +0 trident.
You barely miss the orc. You block the killer bee's attack. The yak gores you!
* * * LOW HITPOINT WARNING * * *
The killer bee stings you but does no damage.
You block the orc's attack. The orc hits you but does no damage.
An orc comes into view. It is wielding a +0 dagger.
Unknown command.
Aiming: Bolt of Light
Press: ? - help, Shift-Dir - straight line, f - orc priest
Aim: an orc priest, wielding a +2 dagger of venom (71% to hit)
The bolt of light hits the orc!
You kill the orc!
The bolt of light hits the orc!
You kill the orc!
The bolt of light hits the orc priest!
The orc priest is severely wounded.
The orc priest is blinded.
You block the killer bee's attack. You block the yak's attack.
The killer bee closely misses you.
The orc priest invokes the aid of Beogh against you.
Beogh smites you!
* * * LOW HITPOINT WARNING * * *
The orc hits you but does no damage. You block the killer bee's attack.
The yak gores you!
You die...

#......########.......#
#......### #<......#
#........# #.......# .
#......#....# #.^.....#
..#
######.####.########!##..#
#... #...YYo..#....###
####. ##yyyo.o.......#
$##yY####..#####.. ##@##
##.# #..o$# #... ##..o#
...#. ...... #### .#
....#.# . #.##.... #..
#.##. .. .. .


You could see 3 yaks, 4 killer bees, an orc priest (blind, unable to see you)
and 2 orcs.

Vanquished Creatures
  The ghost of epsilonplus the Slicer, a novice VSMo of Cheibriados (D:8)
  Maurice (D:7)
  Psyche (D:8)
  Prince Ribbit (D:5)
  Sigmund (D:3)
  A shadow (D:6)
  5 yaks (D:8)
  A wraith (D:8)
  A wyvern (D:8)
  3 water moccasins
  An orc warrior (D:6)
  A sky beast (D:6)
  4 black bears
  An ice beast (D:6)
  2 centaurs
  2 ogres
  A phantom (D:4)
  2 kobold brigands (D:8)
  2 bullfrogs
  A gnoll sergeant (D:7)
  A scorpion (D:5)
  3 electric eels (D:8)
  A centaur zombie (D:8)
  5 hounds
  2 jellies
  3 orc priests
  A gnoll bouda (D:6)
  4 iguanas
  2 orc wizards
  A sleepcap (D:7)
  15 gnolls
  A howler monkey zombie (D:8)
  5 adders
  A shadow imp (D:7)
  3 white imps
  A ribbon worm (D:4)
  A dart slug (D:5)
  23 orcs
  11 ball pythons
  7 endoplasms
  A giant cockroach (D:2)
  7 goblins
  7 hobgoblins
  3 quokkas
  6 bats
  7 frilled lizards
  14 kobolds
  2 rats
  A spectral kobold (D:5)
172 creatures vanquished.

Vanquished Creatures (others)
  A bombardier beetle (D:6)
  2 kobolds
3 creatures vanquished.

Grand Total: 175 creatures vanquished

Notes
Turn   | Place    | Note
-------+----------+-------------------------------------------
     0 | D:1      | IdlyInterested the Demonspawn Fighter began the quest for
                  | the Orb.
     0 | D:1      | Reached XP level 1. HP: 18/18 MP: 1/1
   172 | D:1      | Gained mutation: A meltable shield of frost defends you.
                  | (SH +4) [demonic ancestry]
   172 | D:1      | Reached XP level 2. HP: 19/24 MP: 2/2
   831 | D:2      | Gained mutation: You have large cloven feet. [demonic
                  | ancestry]
   831 | D:2      | Reached XP level 3. HP: 29/29 MP: 3/3
  1321 | D:3      | Found an iron altar of Okawaru.
  1332 | D:3      | Reached skill level 3 in Shields
  1356 | D:3      | Found a faded altar of an unknown god.
  1361 | D:3      | Found a hide-covered altar of Uskayaw.
  1501 | D:3      | Noticed a water moccasin
  1518 | D:3      | Killed a water moccasin
  1519 | D:3      | Reached skill level 4 in Shields
  1519 | D:3      | Reached XP level 4. HP: 7/35 MP: 4/4
  1519 | D:3      | Reached XP level 5. HP: 9/41 MP: 5/5
  2048 | D:3      | Noticed Sigmund
  2055 | D:3      | Killed Sigmund
  2056 | D:3      | Reached skill level 5 in Shields
  2056 | D:3      | Reached XP level 6. HP: 34/47 MP: 6/6
  2500 | D:4      | Found a broken altar of Ashenzari.
  2611 | D:4      | Reached skill level 6 in Shields
  2611 | D:4      | Gained mutation: You regenerate a little health from kills.
                  | [demonic ancestry]
  2611 | D:4      | Reached XP level 7. HP: 45/54 MP: 7/7
  2976 | D:4      | Found an ornate altar of the Wu Jian Council.
  3242 | D:4      | Found a shadowy altar of Dithmenos.
  3808 | D:5      | Entered Level 5 of the Dungeon
  3809 | D:5      | Upgraded the game from 0.32-a0-20-ge526923d97 to
                  | 0.32-a0-22-g6ae6769602
  3824 | D:5      | Noticed Prince Ribbit
  3852 | D:5      | Killed Prince Ribbit
  3853 | D:5      | Reached skill level 1 in Dodging
  3853 | D:5      | Reached skill level 7 in Shields
  4084 | D:5      | Reached XP level 8. HP: 45/60 MP: 8/8
  4256 | D:5      | Found a snail-covered altar of Cheibriados.
  4568 | D:5      | Found a stormy altar of Qazlal.
  4810 | D:5      | Found a hazy altar of Hepliaklqana.
  5005 | D:6      | Reached skill level 8 in Shields
  5284 | D:6      | Reached skill level 1 in Throwing
  5735 | D:6      | Reached skill level 9 in Shields
  5938 | D:6      | Reached skill level 1 in Stealth
  5938 | D:6      | Reached XP level 9. HP: 32/65 MP: 9/9
  6562 | D:7      | Gained mutation: You have a pair of small horns on your
                  | head. [potion of mutation]
  6562 | D:7      | Gained mutation: You passively dampen the noise of your
                  | surroundings. [potion of mutation]
  6778 | D:7      | Noticed Maurice
  6789 | D:7      | Killed Maurice
  6790 | D:7      | Reached skill level 10 in Shields
  6790 | D:7      | Reached skill level 1 in Evocations
  6880 | D:7      | Found a staircase to the Ecumenical Temple.
  6906 | Temple   | Entered the Ecumenical Temple
  7083 | D:7      | Found a sparkling altar of Nemelex Xobeh.
  7260 | D:8      | Reached skill level 5 in Fighting
  7261 | D:8      | Identified a scroll of acquirement
  7382 | D:8      | Reached skill level 11 in Shields
  7402 | D:8      | Identified the +1 war axe of Nulu Wuo {protect, *Slow Fly
                  | Int+5}
  7451 | D:8      | Reached XP level 10. HP: 32/74 MP: 10/10
  7573 | D:8      | Identified the +10 falchion of the Distant Future {holy,
                  | rC+}
  7579 | D:8      | Found a staircase to the Lair.
  7763 | D:8      | Noticed Psyche
  7772 | D:8      | Killed Psyche
  7903 | D:8      | Acquired a +5 rapier of freezing
  7944 | D:8      | Found a runed translucent gate.
  7945 | D:8      | Found a runed translucent gate.
  7962 | D:8      | Found a runed translucent gate.
  7962 | D:8      | Noticed epsilonplus's ghost (novice VSMo)
  7965 | D:8      | Found a basalt altar of Yredelemnul.
  8043 | D:8      | Killed epsilonplus's ghost
  8107 | D:8      | Found a burning altar of Makhleb.
  8725 | D:9      | Slain by a yak

Illustrated notes

Levels and vault maps discovered:
D:1:      onia_arrival_mini_spirals, layout_rooms
D:2:      layout_basic
D:3:      layout_basic, okawaru_trees_1, nicolae_overflow_ecumenical_swirl,
          kennysheep_nondescript, lightli_corner_chamber, uniq_sigmund
D:4:      layout_basic, nicolae_wu_jian_immortal_techniques,
          grunt_dithmenos_smoke_and_mirrors, mainiacjoe_overflow_brackets,
          minmay_fractal_squares_diagonal_5
D:5:      layout_gridville, kennysheep_slug_shrine, mainiacjoe_overflow_swirl,
          nicolae_hepliaklqana_monster_ancestors, uniq_prince_ribbit1
D:6:      layout_gridville, dreamdust_wishing_well, serial_bayou_pond_e,
          st_stairs_1
D:7:      layout_loops_ring, mainiacjoe_overflow_small_starburst,
          nemelex_spade_bored_becter, minmay_temple_entry_mist, uniq_maurice
D:8:      layout_cave_pools, nicolae_yredelemnul_ghost_church,
          makhleb_blood_cavern_becter, david_lair_generic,
          small_chamber_with_monster, serial_bayou_lake_a, uniq_psyche
D:9:      layout_rooms, amcnicky_altar_gilded, enter_bailey_3,
          hangedman_decor_clover_reticule
Temple:   corrupted_temple

Skill      XL: |  1  2  3  4  5  6  7  8  9 10 |
---------------+-------------------------------+-----
Short Blades   | 2 3 4 |  4.0
Shields        | 4 5 6 7 9 11 | 11.9
Fighting       | 4 5 6 |  6.4
Armour         | 3 |  3.0
Dodging        | 2 3 |  3.0
Throwing       | 2 |  2.0
Stealth        | 1 2 |  2.0
Evocations     | 2 |  2.0

Action                     |  1- 3 |  4- 6 |  7- 9 | 10-12 || total
---------------------------+-------+-------+-------+-------++-------
  Melee: Rapier            |   119 |    45 |   130 |   123 ||   417
         Kick              |    10 |    28 |   169 |    28 ||   235
         Dagger            |       |    41 |   346 |       ||   387
         Short sword       |       |       |    14 |       ||    14
         Headbutt          |       |       |    28 |    17 ||    45
  Throw: Stone             |       |     2 |    41 |     8 ||    51
         Dart              |       |       |     7 |       ||     7
         Boomerang         |       |       |     2 |       ||     2
  Evoke: Wand              |       |       |       |     3 ||     3
    Use: Scroll            |     2 |     2 |     4 |     1 ||     9
         Potion            |     2 |     1 |     5 |       ||     8
 Armour: Scale mail        |    21 |       |       |       ||    21
         Plate armour      |    42 |    33 |   181 |    64 ||   320
  Dodge: Dodged            |    22 |    10 |    83 |    34 ||   149
  Block: Buckler           |    72 |    62 |   288 |    97 ||   519
         Reflection        |     2 |     4 |     7 |    10 ||    23

Table legend: (Time is in decaauts)
 A = Elapsed time spent in this place.
 B = Non-inter-level travel time spent in this place.
 C = Inter-level travel time spent in this place.
 D = Time resting spent in this place.
 E = Time spent auto-exploring this place.
 F = Levels seen in this place.
 G = Mean time per level.
                   A        B        C        D        E       F      G
               +--------+--------+--------+--------+--------+-----+--------+
         Total |   8705 |   7827 |    878 |   1807 |   4017 |  10 |  870.5 |
       Dungeon |   8687 |   7825 |    862 |   1807 |   4017 |   9 |  965.2 |
        Temple |     17 |      1 |     16 |      0 |      0 |   1 |   17.0 |
               +--------+--------+--------+--------+--------+-----+--------+

Top non-repeatable levels by time:
     D:8: 1411 daAuts
     D:4: 1398 daAuts
     D:5: 1243 daAuts
     D:7: 1138 daAuts
     D:6: 1037 daAuts
     D:3: 986 daAuts
     D:2: 757 daAuts
     D:1: 676 daAuts
     D:9: 37 daAuts
  Temple: 17 daAuts
